 Dungeon Crawl Stone Soup version 0.22.0-60-ga52c2fc (webtiles) character file.

88 Ghost6211 the Sneak (level 4, 0/23 HPs)
             Began as a Vine Stalker Assassin on Sept 10, 2018.
             Was an Initiate of Cheibriados.
             Slain by a hobgoblin
             ... wielding a +0 club
             ... led by Robin
              (1 damage)
             ... on level 2 of the Dungeon.
             The game lasted 00:10:34 (1761 turns).

Ghost6211 the Sneak (Vine Stalker Assassin)         Turns: 1761, Time: 00:10:36

Health: 0/23       AC:  3    Str: 16    XL:     4   Next: 54%
Magic:  0/5        EV: 12    Int: 12    God:    Cheibriados [......]
Gold:   44         SH:  0    Dex: 16    Spells: 3/3 levels left

rFire    . . .     SeeInvis .   a - +2 dagger
rCold    . . .     Gourm    .   (no shield)
rNeg     . . .     Faith    .   c - +0 robe
rPois    .         Spirit   +   (no helmet)
rElec    .         Reflect  .   d - +0 cloak
rCorr    .         Harm     .   (no gloves)
MR       .....                  (no boots)
Stlth    +++.......             (no amulet)
HPRegen  0.47/turn              (no ring)
MPRegen  0.09/turn              (no ring)

@: very slow
A: fangs 2, regeneration 1, magic shield, antimagic bite, no potion heal 3, rot
immunity
a: Bend Time, Renounce Religion


You were on level 2 of the Dungeon.
You worshipped Cheibriados.
Cheibriados was noncommittal.
You were not hungry.

You visited 1 branch of the dungeon, and saw 2 of its levels.

You collected 44 gold pieces.

Inventory:

Hand Weapons
 a - a +2 dagger (weapon)
 b - a +0 blowgun
Missiles
 e - 29 poisoned needles
 f - 2 curare-tipped needles
 h - 48 stones (quivered)
Armour
 c - a +0 robe (worn)
 d - a +0 cloak (worn)
Scrolls
 i - a scroll of identify {unknown}
 n - a scroll of amnesia {unknown}
Potions
 j - a potion of brilliance {unknown}
 k - a potion of heal wounds {unknown}
 l - 2 potions of curing {unknown}
 m - a potion of resistance {unknown}
 o - 2 potions of agility {unknown}
Comestibles
 g - 2 rations


   Skills:
 + Level 2.1 Fighting
 + Level 2.1 Short Blades
 + Level 2.4 Throwing
 + Level 0.8 Dodging
 * Level 6.4 Stealth


You had 3 spell levels left.
You didn't know any spells.
Your spell library was empty.

Dungeon Overview and Level Annotations

Branches:
Dungeon (2/15)

Altars:
Cheibriados
Zin

Annotations:
D:2 Robin


Innate Abilities, Weirdness & Mutations

You have extremely sharp teeth.
Your natural rate of healing is unusually fast.
When hurt, damage is shared between your health and your magic reserves.
Your bite disrupts and absorbs the magic of your enemies.
Potions cannot restore your health.
You are immune to rotting.


Message History

The hobgoblin is severely wounded.
The hobgoblin hits you but does no damage.
The goblin completely misses you.
You don't have enough magic at the moment. 2 goblins come into view.
Robin says, "Duck!"
The goblin barely misses you. The goblin hits you with a club.
You barely miss the goblin. You bite the goblin. You drain its power.
You feel invigorated.
The goblin is heavily wounded.
The hobgoblin closely misses you. The goblin hits you.
* * * LOW HITPOINT WARNING * * *
The goblin hits you but does no damage. The goblin closely misses you.
You barely miss the goblin. You bite the goblin.
You kill the goblin!
Cheibriados appreciates the change of pace.
The goblin hits you with a club.
* * * LOW HITPOINT WARNING * * *
The hobgoblin hits you with a club.
You die...

### #.. #####
###########.# ...#
#... ...##.#
###g###.######.##.#
#)@g...............
#g#g###.##.###.##.#
#.g#g#
#.#...##.##.#
##...#
#....<.#.##.#
#....#
#....>...##..
.#####
####.######## ..#
#.# #.# #.# #.#
##'##


You could see Robin, 2 hobgoblins and 3 goblins.

Vanquished Creatures
  Jessica (D:2)
  An adder (D:2)
  2 worms (D:2)
  A dart slug (D:1)
  A leopard gecko (D:1)
  A bat (D:1)
  2 giant cockroaches
  12 goblins
  5 hobgoblins
  2 jackals (D:1)
  A quokka (D:2)
  2 ball pythons
  3 frilled lizards (D:1)
  4 kobolds
  4 rats
42 creatures vanquished.

Notes
Turn   | Place    | Note
-------+----------+-------------------------------------------
     0 | D:1      | Ghost6211 the Vine Stalker Assassin began the quest for the
                  | Orb.
     0 | D:1      | Reached XP level 1. HP: 11/11 MP: 2/2
    46 | D:1      | Reached skill level 5 in Stealth
   149 | D:1      | Reached XP level 2. HP: 15/15 MP: 3/3
   661 | D:1      | Reached XP level 3. HP: 18/18 MP: 4/4
  1301 | D:2      | Reached skill level 6 in Stealth
  1369 | D:2      | Noticed Jessica
  1384 | D:2      | Killed Jessica
  1384 | D:2      | Gained mutation: Your natural rate of healing is unusually
                  | fast. [Vine Stalker growth]
  1384 | D:2      | Reached XP level 4. HP: 17/23 MP: 5/5
  1444 | D:2      | Found a glowing silver altar of Zin.
  1444 | D:2      | Found a snail-covered altar of Cheibriados.
  1554 | D:2      | Became a worshipper of Cheibriados the Contemplative
  1748 | D:2      | Noticed Robin
  1761 | D:2      | HP: 1/23 [goblin/club[Robin] (3)]
  1761 | D:2      | Slain by a hobgoblin

Skill      XL: |  1  2  3 |
---------------+----------+-----
Stealth        | 5 6 |  6.4
Throwing       | 2 |  2.4
Fighting       | 2 |  2.1
Short Blades   | 2 |  2.1
Dodging        | |  0.8

Action                   |  1- 3 |  4- 6 || total
-------------------------+-------+-------++-------
Melee: Dagger            |    79 |    18 ||    97
       Bite              |    24 |     6 ||    30
 Fire: Blowgun           |    33 |     3 ||    36
Throw: Stone             |     1 |       ||     1
 Stab: Sleeping          |    12 |     2 ||    14
       Distracted        |       |     1 ||     1
  Eat: Ration            |     1 |       ||     1
Armor: Robe              |     9 |     3 ||    12
Dodge: Dodged            |    20 |    10 ||    30
